cohdb
Replays
Latest Replays
All Replays
Popular Replays
Top Player Replays
Match Explorer
How It Works
Community
CoH3 Stats
Reddit
Sign in to upload your games and track your stats! →
Sign in with Steam
Match 31541338
Unlisted
Match 31541338
Overview
Messages
Build Orders
End
Construct Barracks
Selects Special Operations Battlegroup
Selects M29 Weasel Recon Vehicle
M29 Weasel Recon Vehicle
Riflemen Squad
Riflemen Squad
Riflemen Squad
Grenade Package
Air Support Center
M1918 Browning Automatic Rifles
Construct Weapon Support Center
P-47 Strafing Run
Bazooka Squad
Bazooka Squad
P-47 Dive Bomb
Improved M9 Bazooka Rockets
P-47 Strafing Run
Selects Mark Vehicle
Construct Medical Station
Mark Vehicle
M3 Armored Personnel Carrier
P-47 Dive Bomb
Possum
RoyaalDutch
basetim
zroy2(FR)
Nukepapa
byza
Der Albaner
skyhawkfranky
0
0
Comments
sign in to comment!
No comments posted yet!